 Dungeon Crawl Stone Soup version 0.31-a0-876-gfe8ebadbca (webtiles) character file.

Game seed: 13317386566217867984

1 Azuregosa the Sneak (level 1, 0/16 HPs)
             Began as an Octopode Delver on Oct 13, 2023.
             Was an Initiate of Vehumet.
             Slain by a gnoll
             ... wielding a +0 whip
              (8 damage)
             ... on level 4 of the Dungeon.
             The game lasted 00:01:39 (245 turns).

Azuregosa the Sneak (Octopode Delver)                Turns: 245, Time: 00:01:40

Health: 0/16       AC:  1    Str: 11    XL:     1   Next: 20%
Magic:  1/1        EV: 13    Int: 12    God:    Vehumet [......]
Gold:   0          SH:  0    Dex: 13    Spells: 0/0 levels left

rFire   . . .        a - +0 short sword
rCold   . . .        (no shield)
rNeg    . . .        (helmet restricted)
rPois   .            (no amulet)
rElec   .            (no ring)
rCorr   .            (no ring)
SInv    .            (no ring)
Will    .....        (no ring)
Stlth   ++++         (no ring)
HPRegen 0.22/turn    (no ring)
MPRegen 0.07/turn    (no ring)
                     (no ring)

%: no passive effects
@: no status effects
A: almost no armour, amphibious, 8 rings, camouflage 1, gelatinous body 1,
(nimble swimmer 1), tentacles
a: Renounce Religion


You were on level 4 of the Dungeon.
You worshipped Vehumet.
Vehumet was noncommittal.
You visited 2 branches of the dungeon, and saw 4 of its levels.

Inventory:

Hand Weapons
 a - a +0 short sword (weapon)
Talismans
 g - a flux talisman
Wands
 f - a wand of digging (3)
Scrolls
 b - 2 scrolls of fog
 d - a scroll of fear
Potions
 c - a potion of curing {unknown}
 e - a potion of haste


   Skills:
 + Level 3.0 Fighting
 + Level 2.0 Short Blades
 + Level 2.0 Dodging
 + Level 6.6 Stealth


You couldn't memorise any spells.
You didn't know any spells.
Your spell library was empty.

Dungeon Overview and Level Annotations

Branches:
Dungeon (5/15)             Temple (1/1) D:4

Altars:
Ashenzari
Cheibriados
Dithmenos
Elyvilon
Fedhas
Gozag
Kikubaaqudgha
Ru
Sif Muna
Uskayaw
Vehumet
Xom
Yredelemnul
Zin
The Shining One


Innate Abilities, Weirdness & Mutations

You cannot wear most types of armour.
You are amphibious.
You can wear up to eight rings at the same time.
Your skin changes colour to match your surroundings (Stealth+).
Your rubbery body absorbs attacks. (AC +1, EV +1)
((You are camouflaged when in or above water. (Stealth+)))
You have tentacles for arms and can constrict up to eight enemies at once.


Message History

An orc comes into view. It is wielding a +0 hand axe.
An orc priest comes into view. It is wielding a +1 war axe of flaming.
The orc priest shouts!
The orc shouts!
Found a stone staircase leading down.
The orc priest calls down the wrath of Beogh upon you.
Pain shoots through your body!
There is a staircase to the Ecumenical Temple here.
You climb downwards.
Welcome to the Ecumenical Temple!
Found four altars.
Found a staircase back to the Dungeon.
There is a staircase back to the Dungeon here.
You start resting.
HP restored.
You have 0 gold pieces.
You start waiting.
Done waiting.
Found three altars.
Found a glowing silver altar of Zin and a sacrificial altar of Ru.
There is a radiant altar of Vehumet here.
You curl up in front of the altar of Vehumet.
Vehumet welcomes you!
There is a staircase back to the Dungeon here.
You can't go down here!
You climb upwards.
The orc shouts! x2
There is a staircase to the Ecumenical Temple here.
You enter the deep water.
Found a stone staircase leading up.
There is a stone staircase leading up here.
You climb upwards.
The gnoll shouts! x4; You hear an angry hiss.
The frilled lizard hisses angrily.
Found a shimmering blue altar of Sif Muna.
There is a stone staircase leading down here.
The gnoll closely misses you. The gnoll barely misses you.
The gnoll hits you with a +0 whip!
Ouch! That really hurt!
You climb downwards.
There is a stone staircase leading up here.
The gnoll attacks as it pursues you! The gnoll hits you with a +0 whip!
Ouch! That really hurt!
You die...

#.....#..........≈~≈≈≈≈≈≈≈...
#.....#.....#......≈≈≈≈≈.....
#.....###+###................
##'#####..............#.......
#.....................#.......
#.....................#.......
#.........[...........#...##..
#.....................#...# ..
#...............@.....#....
#..............gg<....#....#
#................g....#
#...>.................#
#.............#########
########...... ..... .... ..


You could see 3 gnolls.

Vanquished Creatures
  A hobgoblin (D:4)
1 creature vanquished.

Notes
Turn   | Place    | Note
-------+----------+-------------------------------------------
     0 | D:5      | Azuregosa the Octopode Delver began the quest for the Orb.
     0 | D:5      | Reached XP level 1. HP: 16/16 MP: 1/1
    60 | D:4      | Found a staircase to the Ecumenical Temple.
    64 | D:4      | Noticed an orc priest
    70 | Temple   | Entered the Ecumenical Temple
   213 | Temple   | Became a worshipper of Vehumet
   242 | D:3      | Found a shimmering blue altar of Sif Muna.
   245 | D:4      | Slain by a gnoll

Illustrated notes

Levels and vault maps discovered:
D:3:      layout_basic, lightli_temple_of_fire,
          mainiacjoe_overflow_concentric_impassable, nzn_wu_jian_contemplation,
          minmay_checkerbox
D:4:      layout_gridville, temple_pool_b, serial_shops,
          nicolae_shop_rolling_square, uniq_menkaure, uniq_natasha, uniq_sigmund
D:5:      layout_cave_pools
Temple:   zaba_magenta_temple

Action                     || total
---------------------------++-------
  Melee: Short sword       ||     2
         Constrict         ||     1
    Use: Scroll            ||     1
 Armour: Skin              ||     3
  Dodge: Dodged            ||     2

Table legend: (Time is in decaauts)
 A = Elapsed time spent in this place.
 B = Non-inter-level travel time spent in this place.
 C = Inter-level travel time spent in this place.
 D = Time resting spent in this place.
 E = Time spent auto-exploring this place.
 F = Levels seen in this place.
 G = Mean time per level.
                   A        B        C        D        E       F      G
               +--------+--------+--------+--------+--------+-----+--------+
         Total |    245 |    245 |      0 |    130 |     16 |   4 |   61.2 |
       Dungeon |     88 |     88 |      0 |      0 |     16 |   3 |   29.3 |
        Temple |    156 |    156 |      0 |    130 |      0 |   1 |  156.0 |
               +--------+--------+--------+--------+--------+-----+--------+

Top non-repeatable levels by time:
  Temple: 156 daAuts
     D:4: 59 daAuts
     D:5: 27 daAuts
     D:3: 1 daAuts
